 Dungeon Crawl Stone Soup version 0.19-a0-790-ge39e1af (webtiles) character file.

26 Amnesiac the Magician (level 2, -1/15 HPs)
             Began as a Deep Elf Wizard on June 27, 2016.
             Slain by an adder (3 damage)
             ... on level 2 of the Dungeon.
             The game lasted 00:03:31 (905 turns).

Amnesiac the Magician (Deep Elf Wizard)              Turns: 905, Time: 00:03:31

Health: -1/15      AC:  5    Str:  4    XL:     2   Next: 89%
Magic:  3/9        EV: 13    Int: 22    God:
Gold:   34         SH:  0    Dex: 13    Spells: 3 memorised, 5 levels left

rFire  . . .     SeeInvis .     i - +0 short sword
rCold  . . .     Gourm    .     a - +0 robe
rNeg   . . .     Faith    .     (no shield)
rPois  .         Spirit   .     b - +0 hat
rElec  .         Dismiss  .     (no cloak)
rCorr  .         Reflect  .     (no gloves)
SustAt .         Harm     .     g - +2 pair of boots
MR     .....                    (no amulet)
Stlth  +++.......               (no ring)
                                (no ring)

@: very slightly contaminated, repel missiles, not resistant to hostile
enchantments, fairly stealthy
A: no striking features
a: no special abilities


You were on level 2 of the Dungeon.
You were not hungry.

You visited 1 branch of the dungeon, and saw 3 of its levels.

You collected 34 gold pieces.

Inventory:

Hand Weapons
 i - a +0 short sword (weapon)
Missiles
 f - 16 poisoned needles
Armour
 a - a +0 robe (worn)
 b - a +0 hat (worn)
 g - a +2 pair of boots (worn)
Scrolls
 e - a scroll of magic mapping {unknown}
 j - a scroll of fear {unknown}
Books
 c - a book of Minor Magic

   Spells                             Type                      Level
   a - Magic Dart                     Conjuration                  1
   b - Blink                          Translocation                2
   c - Call Imp                       Summoning                    2
   d - Repel Missiles                 Charms/Air                   2
   e - Slow                           Hexes                        2
   f - Conjure Flame                  Conjuration/Fire             3
   g - Mephitic Cloud                 Conjuration/Poison/Air       3
Comestibles
 d - 2 bread rations
 h - a chunk of flesh


   Skills:
 - Level 2.4 Dodging
 - Level 4.0 Stealth
 + Level 4.8 Spellcasting
 - Level 1.1 Conjurations
   Level 1.1 Summonings
 - Level 1.1 Translocations


You had 5 spell levels left.
You knew the following spells:

 Your Spells              Type           Power        Failure   Level  Hunger
a - Repel Missiles        Chrm/Air       #.....       17%         2    None
b - Blink                 Tloc           N/A          12%         2    None
f - Magic Dart            Conj           ##..         10%         1    None


Dungeon Overview and Level Annotations

Branches:
Dungeon (3/15)

Altars:


Message History

The adder bites you but does no damage. The kobold hits you with a dagger.
Casting: Magic Dart
Confirm with . or Enter, or press ? or * to list all spells.
Aiming: Magic Dart
Press: ? - help, Shift-Dir - straight line, f/p - adder
Aim: an adder (heavily wounded)
The magic dart hits the adder.
The adder is heavily wounded.
The adder barely misses you. The kobold completely misses you.
Casting: Magic Dart
Confirm with . or Enter, or press ? or * to list all spells.
Aiming: Magic Dart
Press: ? - help, Shift-Dir - straight line, f/p - adder
Aim: an adder (heavily wounded)
The magic dart hits the adder.
The adder is heavily wounded.
The adder barely misses you. The kobold hits you with a dagger.
* * * LOW HITPOINT WARNING * * *
The adder bites you.
You die...

.####### #.#
..)....# #.#
.#####.#####.####
.# #..........# .#
#######.##.# .#
#.##.# .# #.##.#
.#### #.##K###
....########....@.#
...............S..#
##................#
#..########......#
#..# #......# #..#
#.#.#.## #..#
#.#.#.# #..######
#...#.# #.......#
###...#


You could see an adder and a kobold.

Vanquished Creatures
  An adder (D:2)
  An ooze (D:2)
  A giant gecko (D:2)
  2 goblins
  A quokka (D:2)
  A ball python (D:2)
  4 giant newts
  5 rats
16 creatures vanquished.

Notes
Turn   | Place    | Note
--------------------------------------------------------------
     0 | D:1      | Amnesiac the Deep Elf Wizard began the quest for the Orb.
     0 | D:1      | Reached XP level 1. HP: 10/10 MP: 7/7
   137 | D:2      | Reached XP level 2. HP: 10/15 MP: 0/9
   220 | D:2      | Learned a level 2 spell: Repel Missiles
   223 | D:2      | Learned a level 2 spell: Blink
   905 | D:2      | Slain by an adder

Vault maps used:
D:1:      kennysheep_arrival_forest, hangedman_decor_points
D:3:      overflow_temple_1_default, kennysheep_slug_shrine,
          gup_sewer_entry_pipe

Skill      XL: |  1  2 |
---------------+-------+-----
Stealth        | 3 4 |  4.0
Dodging        | |  2.4
Spellcasting   | |  4.8
Conjurations   | |  1.1
Summonings     | |  1.1
Translocations | |  1.1

Action                   || total
-------------------------++-------
Melee: Unarmed           ||     3
 Cast: Magic Dart        ||    44
       Repel Missiles    ||     1
Armor: Robe              ||     4
Dodge: Dodged            ||    14
